Map: Triton LE

Players

Ratl

  • Race: Protoss Protoss
  • Spawn Location: 11:00

WalfranSena - Winner!

  • Race: Zerg Zerg
  • League: Gold
  • Spawn Location: 5:00

VOD

Have the link to the VOD?

Description

Time

  • Played on: Dec. 21, 2019, 10:14 a.m.
  • Length: 3:00
Show
View Real Time Build Order
Export as new Build Order

Ratl Protoss 

Build Orders:  

Get SALT Encoding   

  12  0:02  Probe  
  13  0:14  Probe (Chrono Boost)  
  13  0:18  Pylon  
  14  0:26  Probe (Chrono Boost)  
  15  0:36  Probe (Chrono Boost)  
  15  0:39  Gateway  
  16  0:44  Probe  
  17  0:56  Probe  
  18  0:57  Assimilator  
  18  1:09  Probe  
  18  1:10  Gateway  
  19  1:17  Assimilator  
  19  1:21  Probe  
  20  1:33  Probe  
  21  1:45  Probe  
  22  1:57  Probe  
  22  1:58  Cybernetics Core  
  23  2:19  Pylon  
  23  2:27  Pylon  
  23  2:45  Probe  
Show
View Real Time Build Order
Export as new Build Order

WalfranSena Zerg - Winner!

Build Orders: Pool Only 

Get SALT Encoding   

  12  0:17  Spawning Pool  
  12  0:20  Extractor  
  10  0:24  Drone  
  11  0:29  Drone  
  12  0:40  Overlord  
  12  1:04  Zergling x6  
  15  1:12  Queen  
  17  1:26  Metabolic Boost  
  17  1:29  Zergling x2  
  18  1:34  Zergling x2  
  18  1:37  Zergling x2  
  20  1:48  Zergling x2  
  21  2:05  Zergling x2  
  20  2:37  Zergling x2  
  20  2:38  Overlord  
Tags
 
League
Gold
Matchup
PvZ
Opening
Pool Only
Spawn Locations
Cross Positions
Add a new tag
Caveats
  • Supply blocks, unpowered buildings, or Contaminate may cause inaccurate times.
  • Supply counts are checked every 10 seconds.